 Dungeon Crawl Stone Soup version 0.31-a0-692-gf03d1854d5 (webtiles) character file.

Game seed: 12235938064830665521

63 Blimp the Chopper (level 3, -2/31 HPs)
             Began as a Minotaur Fighter on Sept 7, 2023.
             Slain by a cerulean imp
             ... wielding a +2 spear
             ... summoned by Natasha
              (4 damage)
             ... on level 3 of the Dungeon.
             The game lasted 00:20:07 (1947 turns).

Blimp the Chopper (Minotaur Fighter)                Turns: 1947, Time: 00:20:09

Health: -2/31      AC:  9    Str: 22    XL:     3   Next: 89%
Magic:  0/2        EV:  8    Int:  5    God:
Gold:   102        SH:  4    Dex:  9    Spells: 2/2 levels left

rFire   . . .        a - +0 war axe
rCold   . . .        c - +0 buckler
rNeg    . . .        q - +0 chain mail
rPois   .            (helmet restricted)
rElec   .            (no cloak)
rCorr   .            (no gloves)
SInv    .            (no boots)
Will    .....        j - amulet of guardian spirit Stlth
                     b - ring of flight
HPRegen 0.25/turn    (no ring)
MPRegen 0.08/turn

%: guardian spirit
@: flying, slowed, very slow
A: horns 2, retaliatory headbutt
a: no special abilities


You were on level 3 of the Dungeon.
You visited 1 branch of the dungeon, and saw 3 of its levels.

You collected 102 gold pieces.

Inventory:

Hand Weapons
 a - a +0 war axe (weapon)
Missiles
 g - 29 stones (quivered)
Armour
 c - a +0 buckler (worn)
 q - a +0 chain mail (worn)
Jewellery
 b - a ring of flight (left hand)
 j - an amulet of guardian spirit (around neck)
Scrolls
 h - 4 scrolls of teleportation {unknown}
 i - 3 scrolls of vulnerability {unknown}
 k - a scroll of immolation {unknown}
 o - 3 scrolls of identify {unknown}
Potions
 d - a potion of might
 e - a potion of resistance {unknown}
 l - a potion of curing {unknown}
 m - 2 potions of lignification {unknown}
 p - a potion of degeneration {unknown}


   Skills:
 - Level 3.6 Fighting
 + Level 5.2 Axes
 - Level 3.6 Armour
 - Level 3.6 Shields


You had 2 spell levels left.
You didn't know any spells.
Your spell library contained the following spells:

 Spells                   Type           Power      Damage    Failure   Level
 Blink                    Tloc           0%         N/A       99%         2
 Manifold Assault         Tloc           0%         N/A       100%        4


Dungeon Overview and Level Annotations

Branches:
Dungeon (3/15)

Altars:
Sif Muna

Annotations:
D:3 Ijyb, Jessica, Natasha, Robin


Innate Abilities, Weirdness & Mutations

You have a pair of horns on your head.
You reflexively headbutt those who attack you in melee.


Message History

You block the cerulean imp's attack.
Natasha stares at you and mumbles some strange words.
The magic dart hits you but does no damage.
The cerulean imp closely misses you.
The cerulean imp hits you but does no damage.
Found a shimmering blue altar of Sif Muna.
You feel yourself speed up.
The cerulean imp hits you but does no damage.
The cerulean imp attacks as it pursues you!
The cerulean imp hits you but does no damage.
The cerulean imp hits you from afar with a +1 spear.
Natasha casts a spell at you.
You feel yourself slow down. The cerulean imp barely misses you.
The cerulean imp attacks as it pursues you!
The cerulean imp hits you but does no damage.
The cerulean imp attacks as it pursues you!
You block the cerulean imp's attack.
The cerulean imp hits you from afar with a +1 spear.
The cerulean imp hits you but does no damage. x2
The cerulean imp disappears in a puff of smoke!
Natasha casts a spell.
The cerulean imp attacks as it pursues you!
You block the cerulean imp's attack.
The cerulean imp hits you from afar with a +1 spear. x2
* * * LOW HITPOINT WARNING * * *
Jessica hits you but does no damage.
As you read the scroll labelled VEPODUBLA, it dissolves into smoke.
It was a scroll of fog.
The cerulean imp barely misses you. x2
Natasha casts a spell at you.
You feel as though you will be slow longer.
The cerulean imp hits you but does no damage.
Jessica casts a spell.
Jessica blinks!
The cerulean imp attacks as it pursues you!
The cerulean imp hits you from afar with a +1 spear.
* * * LOW HITPOINT WARNING * * *
Natasha attacks as she pursues you! Natasha claws you.
* * * LOW HITPOINT WARNING * * *
The cerulean imp hits you from afar with a +2 spear.
You die...

#...###... #...#
.. #...# #....
#..... ### #...
#._. ###...###
#....§§@##
.....§§h§##
....≈≈§5§5§#
##...≈≈≈§5§§.##
#...≈≈...≈§...#
#...≈≈.>.≈≈...#
#...≈≈@..≈≈...#
#...≈≈≈≈≈...##
######....≈≈≈....#


You could see Natasha and 2 cerulean imps.

Vanquished Creatures
  A worm (D:2)
  2 dart slugs
  3 endoplasms (D:1)
  3 giant cockroaches
  11 goblins
  4 hobgoblins
  5 jackals (D:1)
  3 kobolds (D:1)
  7 ball pythons
  3 bats
  2 frilled lizards
  6 rats
50 creatures vanquished.

Notes
Turn   | Place    | Note
-------+----------+-------------------------------------------
     0 | D:1      | Blimp the Minotaur Fighter began the quest for the Orb.
     0 | D:1      | Reached XP level 1. HP: 19/19 MP: 0/0
   180 | D:1      | Reached skill level 3 in Axes
   207 | D:1      | Reached XP level 2. HP: 26/26 MP: 1/1
   351 | D:1      | Reached skill level 4 in Axes
   666 | D:1      | Reached XP level 3. HP: 31/31 MP: 2/2
  1716 | D:3      | Reached skill level 5 in Axes
  1719 | D:3      | Noticed Ijyb
  1721 | D:3      | Noticed Robin
  1875 | D:3      | Noticed Natasha
  1933 | D:3      | Noticed Jessica
  1941 | D:3      | Found a shimmering blue altar of Sif Muna.
  1947 | D:3      | Slain by a cerulean imp

Illustrated notes

Levels and vault maps discovered:
D:1:      dpeg_arrival_snail, layout_basic
D:2:      layout_basic, serial_park_tiny_pond
D:3:      layout_basic, tgw_sif, minmay_statues_item, uniq_crazy_yiuf_cottage,
          uniq_robin, uniq_ijyb, uniq_natasha

Skill      XL: |  1  2  3 |
---------------+----------+-----
Axes           | 3 4 5 |  5.2
Fighting       | |  3.6
Armour         | |  3.6
Shields        | |  3.6

Action                     || total
---------------------------++-------
  Melee: War axe           ||    84
         Headbutt          ||     7
    Use: Scroll            ||     1
 Armour: Scale mail        ||    27
         Chain mail        ||    86
  Dodge: Dodged            ||    46
  Block: Buckler           ||    19

Table legend: (Time is in decaauts)
 A = Elapsed time spent in this place.
 B = Non-inter-level travel time spent in this place.
 C = Inter-level travel time spent in this place.
 D = Time resting spent in this place.
 E = Time spent auto-exploring this place.
 F = Levels seen in this place.
 G = Mean time per level.
                   A        B        C        D        E       F      G
               +--------+--------+--------+--------+--------+-----+--------+
         Total |   1980 |   1980 |      0 |     67 |    339 |   3 |  660.0 |
       Dungeon |   1980 |   1980 |      0 |     67 |    339 |   3 |  660.0 |
               +--------+--------+--------+--------+--------+-----+--------+

Top non-repeatable levels by time:
     D:2: 832 daAuts
     D:1: 831 daAuts
     D:3: 316 daAuts
